 Dungeon Crawl Stone Soup version 0.28-a0-474-g535839065c (webtiles) character file.

Game seed: 13916462582758231284

0 Squid the Skirmisher (level 1, -1/27 HPs)
             Began as a Demonspawn Berserker on Sept 15, 2021.
             Was a Follower of Trog.
             Slain by a hobgoblin (3 damage)
             ... on level 1 of the Dungeon.
             The game lasted 00:00:14 (26 turns).

Squid the Skirmisher (Demonspawn Berserker)           Turns: 26, Time: 00:00:14

Health: -1/27      AC:  2    Str: 17    XL:     1   Next: 8%
Magic:  1/1        EV: 12    Int:  8    God:    Trog [*.....]
Gold:   4          SH:  0    Dex: 12    Spells: 0/0 levels left

rFire   . . .      SeeInvis .   a - +0 mace
rCold   . . .      Faith    .   (no shield)
rNeg    . . .      Spirit   .   b - +0 animal skin
rPois   .          Reflect  .   (no helmet)
rElec   .          Harm     .   (no cloak)
rCorr   .          Rampage  .   (no gloves)
Will    .....                   (no boots)
Stlth   ..........              (no amulet)
HPRegen 0.09/turn               (no ring)
MPRegen 0.07/turn               (no ring)

@: berserking, very quick
A: no striking features
a: Renounce Religion, Berserk


You were on level 1 of the Dungeon.
You worshipped Trog.
Trog was aware of your devotion.
You visited 1 branch of the dungeon, and saw 1 of its levels.

You collected 4 gold pieces.

Inventory:

Hand Weapons
 a - a +0 mace (weapon)
Armour
 b - a +0 animal skin (worn)


   Skills:
 + Level 3.0 Fighting
 + Level 2.7 Maces & Flails
 + Level 1.7 Armour
 + Level 1.7 Dodging


You couldn't memorise any spells.
You didn't know any spells.
Your spell library was empty.

Dungeon Overview and Level Annotations

Branches:
Dungeon (1/15)

Altars:


Message History

The kobold throws a stone.
The stone hits you.
You hit the ball python but do no damage.
The ball python is severely wounded.
The ball python closely misses you.
The ball python completely misses you. x2
The ball python barely misses you.
You barely miss the ball python.
The ball python is severely wounded.
The hobgoblin hits you. The ball python closely misses you. x2
A hobgoblin comes into view.
An endoplasm comes into view.
You closely miss the ball python.
The ball python is severely wounded.
The ball python bites you. The ball python grabs you.
The ball python constricts you. The hobgoblin hits you.
The ball python bites you. The ball python constricts you.
* * * LOW HITPOINT WARNING * * *
The hobgoblin hits you.
* * * LOW HITPOINT WARNING * * *
The kobold throws a stone.
The stone hits you but does no damage.
A red film seems to cover your vision as you go berserk!
You feel yourself moving faster!
You feel mighty!
The hobgoblin shouts!
The ball python bites you but does no damage.
The ball python constricts you.
A dart slug comes into view.
The hobgoblin hits you.
* * * LOW HITPOINT WARNING * * *
You sock the ball python!
You kill the ball python!
Trog accepts your kill. The hobgoblin misses you.
You see here a ball python corpse.
You barely miss the hobgoblin. The hobgoblin barely misses you.
You closely miss the hobgoblin. The hobgoblin hits you.
* * * LOW HITPOINT WARNING * * *
The rat barely misses you. The hobgoblin closely misses you.
You sock the hobgoblin!
You kill the hobgoblin!
Trog accepts your kill. The rat barely misses you. The hobgoblin hits you.
You die...

... #....###... #
..##..#.?##...### ..
........ .....###
...##..... #.....#
......... #....##
#.......#### #..÷<#
#J....## ###....#
#..###K.....###......#
......†@##.....÷.÷.###
#.....rg.#.......###
#........#......##
.......w.#.÷##..#
.........#..##..#
.........#÷.....#
.........########
..........


You could see a dart slug, an endoplasm, a hobgoblin, a kobold and a rat.

Vanquished Creatures
  A hobgoblin (D:1)
  A ball python (D:1)
2 creatures vanquished.

Notes
Turn   | Place    | Note
-------+----------+-------------------------------------------
     0 | D:1      | Squid the Demonspawn Berserker began the quest for the Orb.
     0 | D:1      | Reached XP level 1. HP: 18/18 MP: 1/1
    26 | D:1      | Slain by a hobgoblin

Illustrated notes

Levels and vault maps discovered:
D:1:      amcnicky_arrival_wind_blow, layout_rooms, serial_shops, shop,
          minmay_distorted

Action                   || total
-------------------------++-------
Melee: Mace              ||     8
Invok: Berserk           ||     1
Armor: Animal skin       ||     2
Dodge: Dodged            ||    12

Table legend: (Time is in decaauts)
 A = Elapsed time spent in this place.
 B = Non-inter-level travel time spent in this place.
 C = Inter-level travel time spent in this place.
 D = Time resting spent in this place.
 E = Time spent auto-exploring this place.
 F = Levels seen in this place.
 G = Mean time per level.
                   A        B        C        D        E       F      G
               +--------+--------+--------+--------+--------+-----+--------+
         Total |     26 |     26 |      0 |      0 |     11 |   1 |   26.0 |
       Dungeon |     26 |     26 |      0 |      0 |     11 |   1 |   26.0 |
               +--------+--------+--------+--------+--------+-----+--------+

Top non-repeatable levels by time:
     D:1: 26 daAuts
